 Dungeon Crawl Stone Soup version 0.29-a0-902-g0f71de6fce (webtiles) character file.

Game seed: 10757225414898769228

119046 Garessta the Thaumaturge (level 16, -21/116 (126) HPs)
             Began as a Gnoll Summoner on July 23, 2022.
             Was the Champion of Cheibriados.
             Killed from afar by Aizul (27 damage)
             ... with a bolt of poison
             ... on level 3 of the Elven Halls on July 24, 2022.
             The game lasted 02:12:22 (33609 turns).

Garessta the Thaumaturge (Gnoll Summoner)          Turns: 33609, Time: 02:12:23

HP:   -21/116 (126) AC: 18    Str: 24    XL:     16   Next: 78%
MP:   7/32          EV: 27    Int: 33    God:    Cheibriados [******]
Gold: 586           SH: 16    Dex: 34    Spells: 5/40 levels left

rFire   . . .      SeeInvis +   e - +3 scimitar (flame)
rCold   . . .      Faith    .   W - +0 kite shield
rNeg    . . .      Spirit   .   g - +2 steam dragon scales
rPois   .          Reflect  .   s - +2 helmet {Int+3}
rElec   .          Harm     .   l - +0 cloak
rCorr   +          Rampage  .   x - +0 pair of gloves
Will    ++++.                   v - +1 pair of boots of Hadjma {+Inv Will+++ Str-2 Stlth-}
Stlth   ++++......              q - amulet of regeneration
HPRegen 1.09/turn               E - ring of Winos {rCorr Str+2 SInv}
MPRegen 0.23/turn               y - ring of wizardry

@: lethally poisoned (-21 -> -41), silenced (expiring), very slightly
contaminated, studying Ice Magic, drained, very slow
A: fangs 1, strong nose, distributed training
a: Renounce Religion, Evoke Invisibility


You were on level 3 of the Elven Halls.
You worshipped Cheibriados.
Cheibriados was exalted by your worship.
You visited 5 branches of the dungeon, and saw 22 of its levels.
You also visited: Gauntlet and Ice Cave.

You collected 2200 gold pieces.
You spent 1614 gold pieces at shops.

Inventory:

Hand Weapons
 a - the +3 Elemental Staff {rElec rF++ rC++ AC+5}
   (You found it in an ice cave)

   If the wielder is skilled in Evocations, they can discharge powerful blasts
   of elemental energy when striking with it.
   It enhances your fire, ice, earth and air magic.
   AC:        It affects your AC (+5).
   rF:        It greatly protects you from fire.
   rC:        It greatly protects you from cold.
   rElec:     It insulates you from electricity.
 b - a +2 sling of flaming
 e - a +3 scimitar of flaming (weapon)
 w - a +2 rapier of venom
Missiles
 h - 13 boomerangs (quivered)
 z - 2 boomerangs of dispersal
 H - 4 javelins
 L - 6 throwing nets
 Q - 2 silver boomerangs
Armour
 g - +2 steam dragon scales (worn)
 l - a +0 cloak (worn)
 s - a +2 helmet of intelligence (worn)
 v - the +1 pair of boots of Hadjma (worn) {+Inv Will+++ Str-2 Stlth-}
   (You found it in a Gauntlet)

   Str:       It affects your strength (-2).
   +Inv:      It lets you turn invisible.
   Will:      It greatly increases your willpower.
   Stlth:     It makes you less stealthy.
 x - a +0 pair of gloves (worn)
 W - a +0 kite shield (worn)
Jewellery
 j - a ring of poison resistance
 q - an amulet of regeneration (around neck)
 y - a ring of wizardry (right hand)
 E - the ring of Winos (left hand) {rCorr Str+2 SInv}
   (You found it on level 6 of the Dungeon)

   [ring of see invisible]

   Str:       It affects your strength (+2).
   SInv:      It lets you see invisible.
   rCorr:     It protects you from acid and corrosion.
 J - a ring of willpower
Wands
 d - a wand of mindburst (4)
 p - a wand of flame (10)
 u - a wand of digging (5)
 M - a wand of light (6)
 V - a wand of charming (11)
Scrolls
 m - 2 scrolls of magic mapping
 n - 9 scrolls of teleportation
 r - 8 scrolls of fear
 A - a scroll of summoning {unknown}
 C - a scroll of poison
 D - a scroll of silence
 G - 6 scrolls of amnesia
 K - 3 scrolls of blinking
 P - a scroll of enchant weapon
Potions
 c - 3 potions of magic
 f - a potion of cancellation
 k - 25 potions of curing
 o - 2 potions of lignification
 t - a potion of resistance {unknown}
 B - 7 potions of attraction
 F - a potion of haste {unknown}
 I - a potion of berserk rage {unknown}
 N - 2 potions of invisibility
 O - a potion of ambrosia
 S - a potion of heal wounds
 X - 3 potions of brilliance
 Y - 2 potions of might
Miscellaneous
 i - a box of beasts (inert)
 U - a phantom mirror (inert)


   Skills:
 + Level 11.5 Fighting
 + Level 11.5 Short Blades
 + Level 11.5 Long Blades
 + Level 11.5 Axes
 + Level 11.5 Maces & Flails
 + Level 11.5 Polearms
 + Level 11.5 Staves
 + Level 11.5 Ranged Weapons
 + Level 11.5 Throwing
 + Level 11.5 Armour
 + Level 12.4 Dodging
 + Level 12.2 Stealth
 + Level 11.5 Shields
 + Level 11.5 Unarmed Combat
 + Level 12.5 Spellcasting
 + Level 9.7 Conjurations
 + Level 9.7 Hexes
 + Level 12.0 Summonings
 + Level 9.7 Necromancy
 + Level 9.7 Translocations
 + Level 9.7 Transmutations
 + Level 9.7 Fire Magic
 + Level 10.7 Ice Magic
 + Level 9.7 Air Magic
 + Level 9.7 Earth Magic
 + Level 9.7 Poison Magic
 + Level 12.5 Invocations
 + Level 11.5 Evocations


You had 5 spell levels left.
You knew the following spells:

 Your Spells              Type           Power      Damage    Failure   Level
a - Call Canine Familiar  Summ           79%        N/A       1%          3
b - Summon Cactus Giant   Summ           39%        N/A       1%          6
c - Summon Lightning Spi  Summ/Air       75%        N/A       1%          4
d - Olgreb's Toxic Radia  Pois           71%        N/A       1%          4
e - Portal Projectile     Hex/Tloc       100%       N/A       1%          3
f - Dazzling Flash        Conj/Hex       100%       N/A       1%          3
i - Inner Flame           Hex/Fire       71%        N/A       1%          3
l - Leda's Liquefaction   Hex/Erth       35%        N/A       1%          4
u - Yara's Violent Unrav  Hex/Tmut       35%        3d14      1%          5

Your spell library contained the following spells:

 Spells                   Type           Power      Damage    Failure   Level
 Magic Dart               Conj           100%       1d8       1%          1
 Sting                    Tmut/Pois      100%       1d8       1%          1
 Summon Small Mammal      Summ           100%       N/A       1%          1
 Call Imp                 Summ           79%        N/A       1%          2
 Poisonous Vapours        Pois/Air       100%       N/A       1%          2
 Scorch                   Fire           100%       2d10      1%          2
 Searing Ray              Conj           100%       2d8       1%          2
 Static Discharge         Conj/Air       71%        3-12/arc  1%          2
 Ozocubu's Armour         Ice            75%        N/A       1%          3
 Summon Guardian Golem    Hex/Summ       75%        N/A       1%          3
 Animate Armour           Summ/Erth      100%       N/A       1%          4
 Flame Wave               Conj/Fire      71%        2d13      1%          4
 Fulminant Prism          Conj/Hex       35%        3d18      1%          4
 Agony                    Necr           71%        N/A       1%          5
 Blade Hands              Tmut           35%        N/A       1%          5
 Lightning Bolt           Conj/Air       35%        1d53      1%          5
 Metabolic Englaciation   Hex/Ice        36%        N/A       1%          5
 Silence                  Hex/Air        35%        N/A       1%          5
 Simulacrum               Ice/Necr       36%        N/A       4%          6
 Iron Shot                Conj/Erth      35%        9d7       5%          6
 Maxwell's Capacitive Co  Air            35%        ∞         89%         8


Dungeon Overview and Level Annotations

Branches:
Dungeon (11/15)            Temple (1/1) D:5            Lair (5/5) D:11
 Shoals (0/4) Lair:3        Snake (0/4) Lair:3        Slime (0/5) Lair:5
    Orc (2/2) D:9             Elf (3/3) Orc:2         IceCv (visited)
Gauntlet (visited)

Altars:
Ashenzari
Cheibriados
Dithmenos
Elyvilon
Fedhas
Gozag
Hepliaklqana
Kikubaaqudgha
Makhleb
Nemelex Xobeh
Okawaru
Qazlal
Ru
Sif Muna
Trog
Uskayaw
Vehumet
Wu Jian
Xom
Yredelemnul
Zin
The Shining One

Shops:
D:1 (   D:2 ?   D:10 (   Orc:2 [=[(

Annotations:
Elf:3 Aizul


Innate Abilities, Weirdness & Mutations

You have very sharp teeth.
Your uncanny sense of smell can sniff out nearby items.
Your experience applies equally to all skills.


Message History

Unknown command.
Unknown command.
The air elemental attacks as you move away!
You block the air elemental's attack.
The air elemental fires a burst of electricity at you.
The stunning burst hits you but does no damage.
You suddenly lose the ability to move!
Aizul coils herself and waves her upper body at you.
The bolt of poison misses the air elemental.
The bolt of poison hits you!!
You are poisoned.
The air elemental hits you but does no damage.
The deep elf high priest prays to its god.
The deep elf high priest begins emitting a brilliant aura!
The deep elf annihilator is empowered by the deep elf high priest's aura!
The deep elf sorcerer is empowered by the deep elf high priest's aura!
Aizul is empowered by the deep elf high priest's aura!
The deep elf sorcerer gestures at you while chanting.
The bolt of acid hits you!! You resist.
* * * LOW HITPOINT WARNING * * *
The deep elf high priest calls down the wrath of its god upon you.
Something smites you!
* * * LOW HITPOINT WARNING * * *
You can move again.
Unknown command.
Unknown command.
Okay, then.
Okay, then.
You feel much better.
You feel very sick. You block Aizul's attack.
The air elemental fires a burst of electricity at you.
The stunning burst hits you!
You shrug off the repeated paralysis!
* * * LOW HITPOINT WARNING * * *
The deep elf annihilator misses you.
The deep elf zephyrmancer is empowered by the deep elf high priest's aura!
Aizul casts a spell at you. The bolt of poison hits you!!
You are lethally poisoned!
You die...

........##.# #
...##.####.######.# ###
....#.##..........###.##
.........#.#########...##
#...#.#..#.# ###.....##
....#......# ##........########
..........# #.................
..........# #<..#...#########.
.........#####@..##.## ####.
.##.....##..eSE....# #....
#...####..e......# #.##.
#...####e..e.....#######.##.
#....)....#....###.......##.
###....####.#....# #.......###
.(.........#.#....###.......###
....)....)).................)..
#...........#.#...####........e§


You could see Aizul (empowered), a deep elf annihilator (empowered), a deep elf
sorcerer (fast, empowered), a deep elf high priest (brilliance aura), a deep elf
zephyrmancer (empowered, blind) and an air elemental.

Vanquished Creatures
  2 orc warlords
  3 deep elf elementalists (Elf:3)
  2 deep elf demonologists
  3 deep elf annihilators
  Snorg (Lair:3)
  2 hydras
  An ironbound frostheart (IceCv)
  5 dancing weapons
  2 death yaks
  4 deep elf knights
  A deep elf archer (Elf:2)
  A lindwurm (Lair:4)
  9 deep elf pyromancers
  6 deep elf zephyrmancers
  2 orc sorcerers (Orc:2)
  A manticore (D:11)
  8 elephants
  2 black mambas
  An ice statue (IceCv)
  A komodo dragon (Lair:5)
  An efreet (Gauntlet)
  A troll (Orc:2)
  A hornet (Lair:5)
  3 polar bears
  2 blink frogs
  2 water elementals
  2 wraiths
  5 spriggans (Lair:5)
  2 basilisks
  10 yaks
  2 fire elementals (Gauntlet)
  A steam dragon (D:5)
  A vampire mosquito (D:11)
  A warg (Orc:2)
  3 hell hounds (Gauntlet)
  5 water moccasins
  8 orc warriors
  A nameless horror (IceCv)
  A black bear (Lair:5)
  A centaur (D:9)
  9 wolves
  An earth elemental (Elf:2)
  2 bullfrogs
  4 scorpions
  A gnoll sergeant (D:9)
  6 killer bees (Lair:2)
  An elephant simulacrum (Orc:1)
  13 orc priests
  A jelly (D:7)
  An iguana (D:4)
  8 orc wizards
  5 adders
  A naga simulacrum (Orc:1)
  2 dart slugs
  28 orcs
  3 endoplasms
  3 giant cockroaches
  2 goblins
  8 hobgoblins
  7 kobolds
  A quokka (D:3)
  2 ball pythons (D:2)
  2 frilled lizards
  2 rats
223 creatures vanquished.

Vanquished Creatures (collateral kills)
  A deep elf blademaster (Elf:2)
  Gastronok (Lair:2)
  An orc warlord (Orc:2)
  A deep elf annihilator (Elf:2)
  Josephine (Lair:4)
  A hydra (Lair:5)
  An ironbound frostheart (IceCv)
  2 catoblepae
  17 dancing weapons
  7 death yaks
  An orc high priest (Orc:2)
  6 deep elf knights (Elf:2)
  9 spriggans (Lair:5)
  2 deep elf archers
  2 lindwurms (Lair:5)
  8 deep elf zephyrmancers
  An ugly thing (IceCv)
  An orc knight (Orc:2)
  12 deep elf pyromancers
  5 orc sorcerers
  A torpor snail (Lair:5)
  6 elephants
  2 black mambas
  10 cane toads
  Maggie (Lair:1)
  4 rime drakes
  An efreet (Gauntlet)
  2 komodo dragons
  A merfolk (Lair:3)
  4 hornets
  2 trolls
  15 polar bears
  5 dream sheep
  3 blink frogs (Lair:5)
  Sigmund (D:3)
  A vampire (D:11)
  A water elemental (Elf:2)
  A shadow (D:10)
  An air elemental (Orc:2)
  3 wyverns
  A steam dragon (D:9)
  3 wraiths (Lair:4)
  A human (D:9)
  54 yaks
  Grum (Lair:1)
  A fire elemental (Elf:1)
  A basilisk (Lair:3)
  A vampire mosquito (D:11)
  A death yak simulacrum (Orc:1)
  3 nagas (Lair:3)
  5 wargs
  9 water moccasins
  A sky beast (D:7)
  A hell hound (Gauntlet)
  19 orc warriors
  9 black bears
  3 boggarts (Lair:5)
  2 centaurs
  3 ogres
  25 wolves
  3 kobold brigands
  3 bullfrogs
  An earth elemental (Elf:1)
  2 necrophages
  A two-headed ogre simulacrum (Orc:1)
  2 gnoll sergeants
  A scorpion (D:6)
  An elephant simulacrum (Orc:1)
  18 killer bees (Lair:2)
  A howler monkey (D:10)
  An electric eel (Lair:3)
  20 orc priests
  6 hounds
  6 jellies
  An iguana (D:5)
  16 orc wizards
  A spriggan simulacrum (Orc:1)
  2 wolf simulacra (Orc:1)
  4 adders
  9 gnolls
  A shadow imp (D:5)
  A white imp (D:7)
  A worm (D:3)
  2 dart slugs
  64 orcs
  4 endoplasms
  A giant cockroach (D:1)
  2 goblins
  2 hobgoblins (D:3)
  19 kobolds
  A quokka (D:4)
  2 ball pythons
  A bat (D:1)
  A frilled lizard (D:1)
  A rat (D:2)
491 creatures vanquished.

Vanquished Creatures (others)
  A minotaur (Gauntlet)
  A centaur warrior (D:11)
  A death yak (Lair:2)
  An elephant (Lair:3)
  Joseph (Lair:1)
  A torpor snail (Gauntlet)
  5 cane toads
  2 komodo dragons (Lair:2)
  2 rime drakes
  A troll (D:10)
  Grinder (D:3)
  2 dream sheep
  A wraith (D:11)
  9 yaks
  A vampire mosquito (D:11)
  A warg (D:11)
  A water moccasin (Lair:5)
  2 orc warriors
  3 ogres
  A scorpion (D:6)
  8 killer bees (Lair:2)
  A nameless horror (Elf:2)
  An iguana (D:7)
  An orc wizard (D:9)
  2 gnolls
  4 orcs
  An endoplasm (D:3)
  A kobold (D:7)
  42 fungi
  30 plants
129 creatures vanquished.

Grand Total: 843 creatures vanquished

Notes
Turn   | Place    | Note
-------+----------+-------------------------------------------
     0 | D:1      | Garessta the Gnoll Summoner began the quest for the Orb.
     0 | D:1      | Reached XP level 1. HP: 13/13 MP: 6/6
   555 | D:1      | Reached XP level 2. HP: 19/19 MP: 4/7
   558 | D:1      | Learned a level 2 spell: Call Imp
   615 | D:1      | Found Qeffu's Antique Weapon Shop.
  1648 | D:2      | Reached skill level 5 in Spellcasting
  1648 | D:2      | Reached XP level 3. HP: 25/25 MP: 7/9
  1750 | D:2      | Reached skill level 1 in Invocations
  1796 | D:2      | Learned a level 3 spell: Call Canine Familiar
  1814 | D:2      | Found a faded altar of an unknown god.
  1866 | D:2      | Reached skill level 1 in Fighting
  1866 | D:2      | Reached skill level 1 in Short Blades
  1866 | D:2      | Reached skill level 1 in Long Blades
  1866 | D:2      | Reached skill level 1 in Axes
  1866 | D:2      | Reached skill level 1 in Maces & Flails
  1866 | D:2      | Reached skill level 1 in Polearms
  1866 | D:2      | Reached skill level 1 in Staves
  1866 | D:2      | Reached skill level 1 in Ranged Weapons
  1866 | D:2      | Reached skill level 1 in Throwing
  1866 | D:2      | Reached skill level 1 in Armour
  1866 | D:2      | Reached skill level 1 in Shields
  1866 | D:2      | Reached skill level 1 in Unarmed Combat
  1866 | D:2      | Reached skill level 1 in Evocations
  2044 | D:2      | Found Kucsis's Magic Scroll Emporium.
  2091 | D:2      | Bought a scroll of fear for 40 gold pieces
  2091 | D:2      | Bought a scroll of identify for 20 gold pieces
  2091 | D:2      | Bought a scroll of noise for 10 gold pieces
  2139 | D:3      | Reached XP level 4. HP: 32/32 MP: 11/11
  2156 | D:2      | Reached skill level 1 in Conjurations
  2156 | D:2      | Reached skill level 1 in Hexes
  2156 | D:2      | Reached skill level 1 in Necromancy
  2156 | D:2      | Reached skill level 1 in Translocations
  2156 | D:2      | Reached skill level 1 in Transmutations
  2156 | D:2      | Reached skill level 1 in Fire Magic
  2156 | D:2      | Reached skill level 1 in Ice Magic
  2156 | D:2      | Reached skill level 1 in Air Magic
  2156 | D:2      | Reached skill level 1 in Earth Magic
  2156 | D:2      | Reached skill level 1 in Poison Magic
  2171 | D:2      | Reached XP level 5. HP: 16/37 MP: 3/12
  2678 | D:3      | Learned a level 3 spell: Summon Guardian Golem
  2709 | D:3      | Noticed Sigmund
  2731 | D:3      | Killed Sigmund
  2732 | D:3      | Reached skill level 5 in Dodging
  2732 | D:3      | Reached XP level 6. HP: 34/44 MP: 5/14
  3133 | D:3      | Noticed Grinder
  3144 | D:3      | Killed Grinder
  3145 | D:3      | Reached XP level 7. HP: 51/51 MP: 7/15
  3281 | D:3      | Found a sparkling altar of Nemelex Xobeh.
  3281 | D:3      | Found a snail-covered altar of Cheibriados.
  3286 | D:3      | Became a worshipper of Cheibriados the Contemplative
  3475 | D:2      | Bought a scroll of magic mapping for 75 gold pieces
  3553 | D:4      | Learned a level 4 spell: Summon Lightning Spire
  3795 | D:4      | Reached skill level 5 in Stealth
  4103 | D:4      | Reached * piety under Cheibriados
  4530 | D:4      | Found a sacrificial altar of Ru.
  4636 | D:4      | Reached XP level 8. HP: 58/58 MP: 2/16
  4798 | D:4      | Found a broken altar of Ashenzari.
  4931 | D:5      | Entered Level 5 of the Dungeon
  5282 | D:5      | Reached ** piety under Cheibriados
  5354 | D:5      | Found the +6 shillelagh "Devastator" {shatter}
  5518 | D:5      | Found a staircase to the Ecumenical Temple.
  5961 | D:5      | Found an ancient bone altar of Kikubaaqudgha.
  6246 | Temple   | Entered the Ecumenical Temple
  6543 | D:6      | Reached XP level 9. HP: 65/65 MP: 4/18
  7294 | D:6      | Identified the ring of Winos {rCorr Str+2 SInv}
  7588 | D:7      | Reached *** piety under Cheibriados
  7956 | D:7      | Found an iron altar of Okawaru.
  8196 | D:7      | Learned a level 4 spell: Olgreb's Toxic Radiance
  8221 | D:7      | Reached skill level 5 in Invocations
  8400 | D:7      | Identified the +2 leather armour "Qore" {Will+ Str+4
                  | Stlth+}
  9127 | D:8      | Learned a level 4 spell: Leda's Liquefaction
  9251 | D:8      | Reached **** piety under Cheibriados
  9364 | D:8      | Found an ornate altar of the Wu Jian Council.
  9399 | D:8      | You fall into a shaft and drop 1 floor!
  9399 | D:9      | Found an opulent altar of Gozag.
  9411 | D:9      | Noticed a troll
  9848 | D:8      | Found a shadowy altar of Dithmenos.
 10308 | D:9      | Reached skill level 5 in Fighting
 10308 | D:9      | Reached skill level 5 in Short Blades
 10308 | D:9      | Reached skill level 5 in Long Blades
 10308 | D:9      | Reached skill level 5 in Axes
 10308 | D:9      | Reached skill level 5 in Maces & Flails
 10308 | D:9      | Reached skill level 5 in Polearms
 10308 | D:9      | Reached skill level 5 in Staves
 10308 | D:9      | Reached skill level 5 in Ranged Weapons
 10308 | D:9      | Reached skill level 5 in Throwing
 10308 | D:9      | Reached skill level 5 in Armour
 10308 | D:9      | Reached skill level 5 in Shields
 10308 | D:9      | Reached skill level 5 in Unarmed Combat
 10308 | D:9      | Reached skill level 5 in Evocations
 10308 | D:9      | Reached XP level 10. HP: 51/74 MP: 8/20
 11111 | D:9      | Reached ***** piety under Cheibriados
 11122 | D:9      | Learned a level 3 spell: Portal Projectile
 11230 | D:9      | Found a staircase to the Orcish Mines.
 11703 | D:9      | Found a shimmering altar of Xom.
 11708 | D:9      | Identified a scroll of acquirement
 11711 | D:9      | Acquired the +0 hat "Veamn" {rElec rN+ Int+3}
 12125 | D:10     | Entered Level 10 of the Dungeon
 12178 | D:10     | Found Matovej's Hydra Hut.
 12181 | D:10     | Noticed a six-headed hydra
 12269 | D:10     | Reached skill level 5 in Conjurations
 12269 | D:10     | Reached skill level 5 in Hexes
 12269 | D:10     | Reached skill level 5 in Necromancy
 12269 | D:10     | Reached skill level 5 in Translocations
 12269 | D:10     | Reached skill level 5 in Transmutations
 12269 | D:10     | Reached skill level 5 in Fire Magic
 12269 | D:10     | Reached skill level 5 in Ice Magic
 12269 | D:10     | Reached skill level 5 in Air Magic
 12269 | D:10     | Reached skill level 5 in Earth Magic
 12269 | D:10     | Reached skill level 5 in Poison Magic
 12274 | D:10     | Reached XP level 11. HP: 81/81 MP: 17/22
 12425 | D:10     | Found a shimmering blue altar of Sif Muna.
 12932 | D:11     | Found a staircase to the Lair.
 13025 | D:11     | Found a gate leading to a gauntlet.
 13033 | Gauntlet | Entered a Gauntlet
 13033 | Gauntlet | Found a transporter.
 13033 | Gauntlet | Found a transporter.
 13045 | Gauntlet | Found a transporter.
 13045 | Gauntlet | Found the ring of the Hare {EV+8}
 13063 | Gauntlet | Found a transporter.
 13063 | Gauntlet | Found a transporter.
 13063 | Gauntlet | Found a transporter.
 13065 | Gauntlet | Found a transporter.
 13065 | Gauntlet | Found a transporter.
 13071 | Gauntlet | Noticed a hell hog
 13078 | Gauntlet | Found a transporter.
 13093 | Gauntlet | Found a runed translucent door.
 13094 | Gauntlet | Found a transporter.
 13095 | Gauntlet | Found a runed translucent door.
 13104 | Gauntlet | Found a transporter.
 13105 | Gauntlet | Noticed a large abomination
 13118 | Gauntlet | Found a transporter.
 13152 | Gauntlet | Found a transporter.
 13164 | Gauntlet | Found a transporter.
 13187 | Gauntlet | Noticed a radroach
 13198 | Gauntlet | a radroach changed into a tyrant leech
 13287 | Gauntlet | Learned a level 3 spell: Dazzling Flash
 13587 | Gauntlet | Identified the +1 pair of boots of Hadjma {+Inv Will+++
                  | Str-2 Stlth-}
 14109 | Gauntlet | Noticed a minotaur
 14117 | Gauntlet | Killed a minotaur
 14230 | D:11     | Noticed a centaur warrior
 14247 | D:11     | Killed a centaur warrior
 14599 | D:11     | Noticed a manticore
 14602 | D:11     | Killed a manticore
 15487 | D:11     | Upgraded the game from 0.29-a0-892-g2c4c91d9db to
                  | 0.29-a0-902-g0f71de6fce
 15488 | Lair:1   | Entered Level 1 of the Lair of Beasts
 15618 | Lair:1   | Noticed Joseph
 15628 | Lair:1   | Killed Joseph
 15629 | Lair:1   | Reached XP level 12. HP: 82/91 MP: 10/24
 15653 | Lair:1   | Noticed Maggie
 15668 | Lair:1   | Killed Maggie
 15668 | Lair:1   | Reached ****** piety under Cheibriados
 15861 | Lair:1   | Noticed Grum
 15867 | Lair:1   | Killed Grum
 16870 | Lair:2   | Noticed a seven-headed hydra
 16898 | Lair:2   | Noticed a catoblepas
 16907 | Lair:1   | Killed a catoblepas
 17499 | Lair:2   | Killed a seven-headed hydra
 17749 | Lair:2   | Noticed a death yak
 17754 | Lair:2   | Noticed a death yak
 17757 | Lair:2   | Noticed a death yak
 17758 | Lair:2   | Killed a death yak
 17769 | Lair:2   | Killed a death yak
 17772 | Lair:2   | Killed a death yak
 18021 | Lair:2   | Identified the +7 hand axe of a volcano {chaos, rN+ SInv}
 18314 | Lair:2   | Noticed Gastronok
 18340 | Lair:2   | Killed Gastronok
 18341 | Lair:2   | Reached XP level 13. HP: 98/98 MP: 1/26
 19075 | Lair:3   | Reached skill level 10 in Summonings
 19202 | Lair:3   | Noticed Snorg
 19512 | Lair:3   | Found a staircase to the Shoals.
 19635 | Lair:3   | Reached skill level 10 in Spellcasting
 19858 | Lair:3   | Killed Snorg
 20307 | Lair:3   | Found a staircase to the Snake Pit.
 21046 | Lair:4   | Noticed Josephine
 21050 | Lair:4   | Killed Josephine
 21051 | Lair:4   | Reached skill level 10 in Dodging
 21747 | Lair:5   | Entered Level 5 of the Lair of Beasts
 21756 | Lair:5   | Reached skill level 10 in Stealth
 21805 | Lair:5   | Reached XP level 14. HP: 108/108 MP: 6/28
 21922 | Lair:4   | Reached skill level 10 in Invocations
 22585 | Lair:5   | Learned a level 6 spell: Summon Cactus Giant
 22603 | Lair:5   | Found a staircase to the Slime Pits.
 24652 | Orc:1    | Entered Level 1 of the Orcish Mines
 24658 | Orc:1    | Noticed an orc warlord
 24666 | Orc:1    | Reached skill level 10 in Fighting
 24666 | Orc:1    | Reached skill level 10 in Short Blades
 24666 | Orc:1    | Reached skill level 10 in Long Blades
 24666 | Orc:1    | Reached skill level 10 in Axes
 24666 | Orc:1    | Reached skill level 10 in Maces & Flails
 24666 | Orc:1    | Reached skill level 10 in Polearms
 24666 | Orc:1    | Reached skill level 10 in Staves
 24666 | Orc:1    | Reached skill level 10 in Ranged Weapons
 24666 | Orc:1    | Reached skill level 10 in Throwing
 24666 | Orc:1    | Reached skill level 10 in Armour
 24666 | Orc:1    | Reached skill level 10 in Shields
 24666 | Orc:1    | Reached skill level 10 in Unarmed Combat
 24666 | Orc:1    | Reached skill level 10 in Evocations
 24802 | Orc:1    | Killed an orc warlord
 24852 | Orc:1    | Found a frozen archway.
 24938 | IceCv    | Entered an ice cave
 24952 | IceCv    | Reached XP level 15. HP: 115/115 MP: 18/30
 25998 | IceCv    | Found the +3 Elemental Staff {rElec rF++ rC++ AC+5}
 26003 | IceCv    | Got the Vellum of Red-Hot Transmigration
 26008 | IceCv    | Learned a level 3 spell: Inner Flame
 26015 | IceCv    | Learned a level 5 spell: Yara's Violent Unravelling
 26790 | Orc:2    | Entered Level 2 of the Orcish Mines
 26918 | Orc:2    | Found a staircase to the Elven Halls.
 27242 | Orc:2    | Noticed an orc warlord
 27258 | Orc:2    | Killed an orc warlord
 27754 | Orc:2    | Noticed an orc warlord
 28643 | Orc:2    | Found Oracvapn's Jewellery Boutique.
 28813 | Orc:2    | Killed an orc warlord
 28892 | Orc:2    | Found Izemoosiy's Antique Weapon Boutique.
 28894 | Orc:2    | Found Nuli's Antique Armour Shop.
 28994 | Orc:2    | Found Sosefuoxo's Antique Armour Boutique.
 29229 | Orc:2    | Bought an amulet of regeneration for 300 gold pieces
 29301 | Orc:2    | Bought a shiny helmet for 210 gold pieces
 29319 | Orc:2    | Bought a brightly glowing falchion for 224 gold pieces
 29319 | Orc:2    | Identified the +7 falchion "Cirilap" {flame, Drain rElec
                  | rF+++ Int-3} (You bought it in a shop on level 2 of the
                  | Orcish Mines)
 29359 | Orc:2    | Bought a masterwork ring mail for 315 gold pieces
 29359 | Orc:2    | Identified the +1 ring mail of the Little Devil {Dex+4}
                  | (You bought it in a shop on level 2 of the Orcish Mines)
 29359 | Orc:2    | Bought a glowing orb for 420 gold pieces
 29463 | Elf:1    | Entered Level 1 of the Elven Halls
 29464 | Elf:1    | Paralysed by an air elemental for 1 turns
 29468 | Orc:2    | Paralysed by an air elemental for 1 turns
 30310 | Elf:1    | Noticed a Hell Sentinel
 30315 | Elf:1    | Noticed a cacodemon
 31130 | Elf:2    | Reached XP level 16. HP: 124/124 MP: 30/32
 31693 | Elf:2    | Reached skill level 10 in Ice Magic
 31727 | Elf:2    | Found a runed translucent gate.
 31728 | Elf:2    | Found a runed translucent gate.
 31728 | Elf:2    | Found a runed translucent gate.
 33070 | Elf:2    | Noticed a deep elf blademaster
 33079 | Elf:2    | Killed a deep elf blademaster
 33355 | Elf:3    | Entered Level 3 of the Elven Halls
 33405 | Elf:3    | Noticed a Hell Sentinel
 33414 | Elf:3    | Noticed a deep elf blademaster
 33415 | Elf:3    | Noticed a deep elf blademaster
 33420 | Elf:3    | Noticed Aizul
 33423 | Elf:3    | Killed a deep elf blademaster
 33585 | Elf:3    | Paralysed by an air elemental for 1 turns
 33597 | Elf:3    | Paralysed by an air elemental for 1 turns
 33608 | Elf:3    | Paralysed by an air elemental for 1 turns
 33608 | Elf:3    | HP: 5/116 [deep elf high priest/divine providence (14)]
 33609 | Elf:3    | Killed from afar by Aizul

Illustrated notes

Levels and vault maps discovered:
D:1:      giann_bridges, layout_basic, serial_shops, nicolae_diamond_shop
D:2:      layout_loops_corners, ebering_ecumenical_altar_hall, serial_shops,
          nicolae_shop_window_shopping
D:3:      minmay_door_path, layout_basic, gammafunk_temple_overflow_statue,
          uniq_sigmund, uniq_grinder
D:4:      minmay_general_purpose_star, layout_rooms, kennysheep_mini,
          amcnicky_altar_gilded, guppyfry_early_orc_mine
D:5:      layout_basic, lemuel_tele_altar, minmay_temple_entry_slanted,
          hangedman_decor_peaks_small, grunt_ministairs_4,
          dilly_guarded_unrand_devastator
D:6:      layout_basic, corexii_shack, nrook_mini_vaults
D:7:      layout_basic, lemuel_crystal_altar
D:8:      layout_gridville, pdpol_wu_jian_five_deadly_venoms,
          nicolae_dithmenos_through_a_glass_darkly
D:9:      layout_loops_ring, grunt_gozag_statues,
          mainiacjoe_overflow_cross_hatched, erik_orc_4
D:10:     layout_basic, lemuel_crystal_altar, doesnt_shop_hydraphobe
D:11:     layout_loops_ring, erik_lair_orcish_takeover, gauntlet_entry_generic
Temple:   nicolae_temple_bog_church
Lair:1:   layout_misc_corridors, beast_lair_carwin_10, uniq_joseph, uniq_grum,
          uniq_maggie
Lair:2:   wad_woods_minihive, layout_cave_pods, uniq_gastronok
Lair:3:   layout_roguey, elwin_shoals_entry_rooms,
          minmay_snake_entry_guardpost_small, infiniplex_staircase_pool_2,
          grunt_megastairs_3, serial_bayou_shore_b, uniq_snorg
Lair:4:   layout_roguey, uniq_josephine
Lair:5:   minmay_lair_end_enchanted_forest, layout_misc_corridors,
          nicolae_slime_entry_slimehenge, serial_bayou_pond_d,
          grunt_megastairs_5
Orc:1:    layout_caves, portal_ice_cave_entry_ice_simulacra
Orc:2:    grunt_orc_community_town_hall, layout_caves,
          grunt_orc_community_big_house_1, grunt_orc_community_big_house_2,
          grunt_orc_community_house_3, grunt_orc_community_house_3,
          grunt_orc_community_house_2, grunt_orc_community_house_2,
          grunt_orc_community_house_2, grunt_orc_community_house_1
Elf:1:    eino_elf_arrival_shootout, layout_loops_corners,
          hangedman_elf_represent
Elf:2:    nicolae_elf_blades_crystal_corner, layout_geoelf_octagon
Elf:3:    minmay_elf_hall_quartered_circle, layout_loops_cross, st_stairs_8,
          uniq_aizul, uniq_saint_roka, uniq_roxanne, uniq_bai_suzhen,
          uniq_nikola

Skill      XL: |  1  2  3  4  5  6  7  8  9 10 11 12 13 14 15 16 |
---------------+-------------------------------------------------+-----
Spellcasting   | 5 6 7 8 9 10 11 12 | 12.5
Invocations    | 1 2 3 4 5 6 7 9 10 11 12 | 12.5
Fighting       | 1 2 3 5 6 7 8 9 10 11 | 11.5
Short Blades   | 1 2 3 5 6 7 8 9 10 11 | 11.5
Long Blades    | 1 2 3 5 6 7 8 9 10 11 | 11.5
Axes           | 1 2 3 5 6 7 8 9 10 11 | 11.5
Maces & Flails | 1 2 3 5 6 7 8 9 10 11 | 11.5
Polearms       | 1 2 3 5 6 7 8 9 10 11 | 11.5
Staves         | 1 2 3 5 6 7 8 9 10 11 | 11.5
Ranged Weapons | 1 2 3 5 6 7 8 9 10 11 | 11.5
Throwing       | 1 2 3 5 6 7 8 9 10 11 | 11.5
Armour         | 1 2 3 5 6 7 8 9 10 11 | 11.5
Shields        | 1 2 3 5 6 7 8 9 10 11 | 11.5
Unarmed Combat | 1 2 3 5 6 7 8 9 10 11 | 11.5
Evocations     | 1 2 3 5 6 7 8 9 10 11 | 11.5
Conjurations   | 1 2 3 4 5 6 7 8 9 |  9.7
Hexes          | 1 2 3 4 5 6 7 8 9 |  9.7
Necromancy     | 1 2 3 4 5 6 7 8 9 |  9.7
Translocations | 1 2 3 4 5 6 7 8 9 |  9.7
Transmutations | 1 2 3 4 5 6 7 8 9 |  9.7
Fire Magic     | 1 2 3 4 5 6 7 8 9 |  9.7
Ice Magic      | 1 2 3 4 5 6 7 8 9 10 | 10.7
Air Magic      | 1 2 3 4 5 6 7 8 9 |  9.7
Earth Magic    | 1 2 3 4 5 6 7 8 9 |  9.7
Poison Magic   | 1 2 3 4 5 6 7 8 9 |  9.7
Dodging        | 5 6 7 8 9 10 11 12 | 12.4
Stealth        | 5 6 7 8 9 10 11 12 | 12.2
Summonings     | 8 9 10 11 12 | 12.0

Action                   |  1- 3 |  4- 6 |  7- 9 | 10-12 | 13-15 | 16-18 || total
-------------------------+-------+-------+-------+-------+-------+-------++-------
Melee: Spear             |     3 |       |       |       |       |       ||     3
       Dagger            |    28 |    42 |       |       |       |       ||    70
       Bite              |     1 |     4 |     2 |    10 |    33 |    15 ||    65
       Punch             |       |     1 |     2 |     4 |       |       ||     7
       Rapier            |       |       |    52 |    68 |   135 |    28 ||   283
       Scimitar          |       |       |       |       |    22 |    38 ||    60
       Staff             |       |       |       |       |    70 |     7 ||    77
 Fire: Shortbow          |       |       |       |    16 |       |       ||    16
       Sling             |       |       |       |    30 |    55 |     6 ||    91
Throw: Boomerang         |       |       |       |     3 |     2 |     1 ||     6
 Cast: Summon Small Mamm |    20 |     4 |       |       |       |       ||    24
       Call Imp          |    11 |     6 |       |       |       |       ||    17
       Call Canine Famil |     1 |     7 |    45 |    55 |    82 |    23 ||   213
       Summon Guardian G |       |     3 |    36 |    70 |    47 |       ||   156
       Summon Lightning  |       |       |    45 |    78 |   116 |    26 ||   265
       Olgreb's Toxic Ra |       |       |     1 |     7 |    28 |     2 ||    38
       Portal Projectile |       |       |       |    11 |     8 |     1 ||    20
       Dazzling Flash    |       |       |       |     8 |     6 |       ||    14
       Summon Cactus Gia |       |       |       |       |    77 |    27 ||   104
       Inner Flame       |       |       |       |       |     5 |     2 ||     7
       Yara's Violent Un |       |       |       |       |     1 |     4 ||     5
Invok: Slouch            |       |       |       |       |       |     1 ||     1
 Abil: Evoke Invisibilit |       |       |       |       |       |     1 ||     1
Evoke: Wand              |       |       |       |     1 |       |     4 ||     5
       Box of beasts     |       |       |       |       |       |     1 ||     1
       Phantom mirror    |       |       |       |       |       |     1 ||     1
  Use: Scroll            |     2 |       |       |    17 |     9 |     4 ||    32
       Potion            |       |       |       |     2 |       |     3 ||     5
 Stab: Sleeping          |     7 |     5 |     8 |     2 |     8 |     4 ||    34
       Distracted        |       |     1 |       |     1 |     9 |       ||    11
       Betrayed ally     |       |       |     1 |     1 |       |       ||     2
       Invisible         |       |       |       |     5 |     1 |       ||     6
       Petrified         |       |       |       |       |     1 |       ||     1
Armor: Robe              |     4 |    10 |    10 |     1 |       |       ||    25
       Leather armour    |       |       |       |    12 |       |       ||    12
       Steam dragon scal |       |       |       |     4 |    39 |    36 ||    79
Dodge: Dodged            |    23 |    29 |    57 |   102 |   216 |    96 ||   523
Block: Kite shield       |       |       |       |    55 |   180 |    98 ||   333
       Buckler           |       |       |       |       |    13 |       ||    13

Table legend: (Time is in decaauts)
 A = Elapsed time spent in this place.
 B = Non-inter-level travel time spent in this place.
 C = Inter-level travel time spent in this place.
 D = Time resting spent in this place.
 E = Time spent auto-exploring this place.
 F = Levels seen in this place.
 G = Mean time per level.
                   A        B        C        D        E       F      G
               +--------+--------+--------+--------+--------+-----+--------+
         Total |  44813 |  42664 |   2149 |   4982 |  30655 |  24 | 1867.2 |
       Dungeon |  17985 |  17039 |    946 |   1110 |  13500 |  11 | 1635.0 |
        Temple |    310 |    283 |     27 |      0 |    270 |   1 |  310.0 |
          Lair |  12674 |  12161 |    513 |   1246 |   9098 |   5 | 2534.8 |
  Orcish Mines |   4715 |   4171 |    544 |    540 |   2928 |   2 | 2357.5 |
   Elven Halls |   5781 |   5663 |    118 |    808 |   3802 |   3 | 1927.0 |
      Ice Cave |   1934 |   1934 |      0 |    617 |    798 |   1 | 1934.0 |
      Gauntlet |   1411 |   1411 |      0 |    661 |    257 |   1 | 1411.0 |
               +--------+--------+--------+--------+--------+-----+--------+

Top non-repeatable levels by time:
   Orc:2: 3606 daAuts
  Lair:5: 3196 daAuts
  Lair:2: 3105 daAuts
   Elf:2: 3096 daAuts
     D:9: 2840 daAuts
   Elf:1: 2343 daAuts
  Lair:1: 2215 daAuts
  Lair:3: 2170 daAuts
    D:11: 2153 daAuts
  Lair:4: 1987 daAuts
   IceCv: 1934 daAuts
     D:7: 1746 daAuts
     D:8: 1714 daAuts
     D:5: 1648 daAuts
     D:4: 1581 daAuts
